 Dungeon Crawl Stone Soup version 0.29.1-15-g9cfb28693d (webtiles) character file.

Game seed: 2386520790749924757

56 protoss039 the Digger (level 3, -2/27 HPs)
             Began as a Demonspawn Earth Elementalist on Mar 19, 2023.
             Slain by a worm (6 damage)
             ... on level 2 of the Dungeon.
             The game lasted 00:01:58 (1791 turns).

protoss039 the Digger (DsEE)                        Turns: 1791, Time: 00:01:59

Health: -2/27      AC:  4    Str:  8    XL:     3   Next: 69%
Magic:  2/7        EV: 12    Int: 18    God:
Gold:   65         SH:  0    Dex: 13    Spells: 4/7 levels left

rFire   . . .      SeeInvis .   m - +0 spear
rCold   . . .      Faith    .   (no shield)
rNeg    . . .      Spirit   .   a - +0 robe
rPois   .          Reflect  .   (no helmet)
rElec   .          Harm     .   (no cloak)
rCorr   .          Rampage  .   (no gloves)
Will    .....                   (no boots)
Stlth   ++........              (no amulet)
HPRegen 0.09/turn               (no ring)
MPRegen 0.10/turn               (no ring)

@: lethally poisoned (-2 -> -7)
A: slimy green scales 1
a: no special abilities


You were on level 2 of the Dungeon.
You visited 1 branch of the dungeon, and saw 2 of its levels.

You collected 65 gold pieces.

Inventory:

Hand Weapons
 f - a +0 dagger
 m - a +0 spear (weapon)
Missiles
 g - 2 throwing nets
Armour
 a - a +0 robe (worn)
Scrolls
 c - a scroll of enchant weapon {unknown}
 d - 3 scrolls of identify {unknown}
 e - a scroll of enchant armour {unknown}
 h - 2 scrolls of teleportation {unknown}
 n - a scroll of amnesia {unknown}
Potions
 i - a potion of haste {unknown}
 j - a potion of flight {unknown}
 k - a potion of invisibility {unknown}
 l - a potion of heal wounds {unknown}


   Skills:
 + Level 1.8 Fighting
 - Level 1.7 Dodging
 - Level 1.7 Stealth
 + Level 2.7 Spellcasting
 - Level 0.8 Transmutations
 + Level 3.3 Earth Magic


You had 4 spell levels left.
You knew the following spells:

 Your Spells              Type           Power      Damage    Failure   Level
a - Sandblast             Erth           28%        2d8       4%          1
b - Passwall              Tmut/Erth      7%         N/A       11%         2

Your spell library contained the following spells:

 Spells                   Type           Power      Damage    Failure   Level
 Apportation              Tloc           4%         N/A       17%         1
 Freeze                   Ice            8%         1d3       17%         1
 Stone Arrow              Conj/Erth      16%        3d8       26%         3
 Frozen Ramparts          Ice            4%         1d1       45%         3
 Petrify                  Tmut/Erth      9%         N/A       56%         4
 Hailstorm                Conj/Ice       2%         3d3       86%         4
 Alistair's Intoxication  Tmut/Pois      2%         N/A       98%         5


Dungeon Overview and Level Annotations

Branches:
Dungeon (2/15) Zot: 10182

Altars:


Innate Abilities, Weirdness & Mutations

You are partially covered in slimy green scales. (AC +2)


Message History

Aim: an adder (moderately wounded, 70% to hit)
The blast of sand misses the adder.
The blast of sand hits the worm!
The worm is severely wounded.
The kobold hits you with a +0 dagger. The adder bites you but does no damage.
The kobold hits you with a +0 dagger. The adder closely misses you.
Casting: Sandblast (safe; 4% risk of failure)
Confirm with . or Enter, or press ? or * to list all spells.
Aiming: Sandblast (safe; 4% risk of failure)
Press: ? - help, Shift-Dir - straight line, f/p - adder
Aim: an adder (moderately wounded, 70% to hit)
The blast of sand hits the adder.
The adder is heavily wounded.
The adder bites you.
You are poisoned.
The adder poisons you! The kobold closely misses you.
The adder closely misses you.
Casting: Sandblast (safe; 4% risk of failure)
Confirm with . or Enter, or press ? or * to list all spells.
Aiming: Sandblast (safe; 4% risk of failure)
Press: ? - help, Shift-Dir - straight line, f/p - adder
Aim: an adder (heavily wounded, 70% to hit)
The blast of sand misses the adder.
You feel sick. The kobold misses you. The adder bites you.
* * * LOW HITPOINT WARNING * * *
You are lethally poisoned!
The adder poisons you! The worm barely misses you.
The kobold barely misses you. The adder bites you.
* * * LOW HITPOINT WARNING * * *
Unknown command.
Unknown command.
Casting: Sandblast (safe; 4% risk of failure)
Confirm with . or Enter, or press ? or * to list all spells.
Aiming: Sandblast (safe; 4% risk of failure)
Press: ? - help, Shift-Dir - straight line, f/p - adder
Aim: an adder (heavily wounded, 70% to hit)
The blast of sand hits the adder!
You kill the adder!
* * * LOW HITPOINT WARNING * * *
You feel sick. The worm bites you.
You die...

###.....................
#####.............#+##
#......#.........'
#......#.........#
#.....<#.........#
#......####'###'##
..#####...##.####.# #.##
......w...........###.##
......†@.....###......##
......K........#.#######
$>....................##
.............###.####.##
.............+...# #.#.
.............########'#.
....[........# #.......
############## #.......
#.......


You could see a worm and a kobold.

Vanquished Creatures
  2 adders (D:2)
  A worm (D:2)
  A dart slug (D:1)
  4 ball pythons
  5 endoplasms
  A giant cockroach (D:1)
  4 goblins (D:1)
  A hobgoblin (D:2)
  2 kobolds (D:2)
  4 quokkas (D:1)
  6 bats
  A frilled lizard (D:1)
  6 rats
38 creatures vanquished.

Notes
Turn   | Place    | Note
-------+----------+-------------------------------------------
     0 | D:1      | protoss039 the Demonspawn Earth Elementalist began the
                  | quest for the Orb.
     0 | D:1      | Reached XP level 1. HP: 13/13 MP: 3/3
    98 | D:1      | Found a faded altar of an unknown god.
   389 | D:1      | Gained mutation: You are partially covered in slimy green
                  | scales. (AC +2) [demonic ancestry]
   389 | D:1      | Reached XP level 2. HP: 20/20 MP: 3/5
   431 | D:1      | Reached skill level 1 in Fighting
   646 | D:1      | Reached skill level 3 in Earth Magic
  1215 | D:1      | Learned a level 2 spell: Passwall
  1233 | D:2      | Reached XP level 3. HP: 24/26 MP: 2/6
  1791 | D:2      | Slain by a worm

Illustrated notes

Levels and vault maps discovered:
D:1:      lightli_arrival_statuegarden, layout_loops_cross,
          shapermc_ecumenical_altar_pompeii, minmay_tromino_v7
D:2:      layout_basic, minmay_misc_feat_diagonals

Skill      XL: |  1  2 |
---------------+-------+-----
Fighting       | 1 |  1.8
Earth Magic    | 3 |  3.3
Dodging        | |  1.7
Stealth        | |  1.7
Spellcasting   | |  2.7
Transmutations | |  0.8

Action                   || total
-------------------------++-------
Melee: Unarmed           ||     1
       Dagger            ||    24
       Punch             ||     1
       Spear             ||     6
 Cast: Sandblast         ||    54
  Use: Potion            ||     1
 Stab: Sleeping          ||     1
Armor: Robe              ||    25
Dodge: Dodged            ||    55
